[ AOE2 MATCH · #484455252 ]
Team RMRomans vs Romans
[ REPLAY ANALYSIS · EXTRACTED FROM THE RECORDED GAME ]
Feudal
12:40
Castle
21:11
Imperial
—
| APM avg | 21.0 |
| APM peak | 45 |
| eAPM avg | 9.9 |
| Villagers / military | 81 / 121 |
Focus
⚔️ 32.0% · 🌾 68.0%
Spearman ×87 · Militia ×21 · Centurion ×13 · Unknown (2626) ×3
Feudal
11:01
Castle
23:01
Imperial
—
| APM avg | 38.8 |
| APM peak | 82 |
| eAPM avg | 15.8 |
| Villagers / military | 99 / 91 |
Focus
⚔️ 21.8% · 🌾 78.2%
Knight ×71 · Fire Galley ×20
Feudal
10:25
Castle
26:23
Imperial
—
| APM avg | 37.7 |
| APM peak | 76 |
| eAPM avg | 20.6 |
| Villagers / military | 58 / 51 |
Focus
⚔️ 18.1% · 🌾 81.9%
Knight ×32 · Scout Cavalry ×11 · Spearman ×8
Feudal
—
Castle
—
Imperial
—
| APM avg | 2.0 |
| APM peak | 21 |
| eAPM avg | 1.1 |
| Villagers / military | 18 / 0 |
Focus
⚔️ 0.0% · 🌾 100.0%
Feudal
12:38
Castle
30:43
Imperial
—
| APM avg | 19.3 |
| APM peak | 43 |
| eAPM avg | 10.6 |
| Villagers / military | 79 / 31 |
Focus
⚔️ 19.9% · 🌾 80.1%
Spearman ×22 · Mangonel ×3 · Militia ×2 · Skirmisher ×2 · Battering Ram ×2
Feudal
12:30
Castle
—
Imperial
—
| APM avg | 24.6 |
| APM peak | 104 |
| eAPM avg | 10.7 |
| Villagers / military | 60 / 16 |
Focus
⚔️ 13.4% · 🌾 86.6%
Scout Cavalry ×16 · Fishing Ship ×4
Feudal
15:38
Castle
19:34
Imperial
34:23
| APM avg | 13.7 |
| APM peak | 34 |
| eAPM avg | 9.6 |
| Villagers / military | 97 / 52 |
Focus
⚔️ 20.2% · 🌾 79.8%
Centurion ×43 · Trebuchet (Packed) ×5 · Militia ×4
Feudal
10:57
Castle
23:23
Imperial
—
| APM avg | 22.5 |
| APM peak | 72 |
| eAPM avg | 8.8 |
| Villagers / military | 62 / 29 |
Focus
⚔️ 18.7% · 🌾 81.3%
Knight ×16 · Scout Cavalry ×11 · Spearman ×2
Match map
Initial resources + every placement click. Lines = walls · curves = elevation contours. ◆ gold · ⬟ stone · ● berries · ✦ relic · ◌ wall gap
Your base· ✓ Map-separated
DivisionPanzer's base· ✓ Map-separated
dembe's base· ✓ Map-separated
CopiousBubble54's base· ✓ Map-separated
Erickinio's base· ✓ Map-separated
✪ Lato's base· ✓ Map-separated
corazon de seda's base· ✓ Map-separated
Franco Colapinto's base· ✓ Map-separated
Smoothed initial terrain · ◌ = detected wall gap · hover for details
Inputs per minute
— Alaric Kerensky - - DivisionPanzer
Build order — Alaric Kerensky
First 150 of 218 actions detected
| 0:05 | Create | Villager (Male) |
| 0:05 | Create | Villager (Male) |
| 0:07 | Build | House |
| 0:17 | Create | Villager (Male) |
| 0:17 | Create | Villager (Male) |
| 0:22 | Build | House |
| 0:23 | Build | House |
| 1:18 | Create | Villager (Male) |
| 1:19 | Create | Villager (Male) |
| 2:06 | Create | Villager (Male) |
| 2:28 | Create | Villager (Male) |
| 2:54 | Create | Villager (Male) |
| 3:07 | Create | Villager (Male) |
| 3:42 | Create | Villager (Male) |
| 3:43 | Create | Villager (Male) |
| 3:43 | Create | Villager (Male) |
| 4:17 | Create | Villager (Male) |
| 4:17 | Create | Villager (Male) |
| 4:48 | Create | Villager (Male) |
| 5:08 | Create | Villager (Male) |
| 5:08 | Create | Villager (Male) |
| 5:41 | Create | Villager (Male) |
| 5:41 | Create | Villager (Male) |
| 6:13 | Build | House |
| 6:24 | Create | Villager (Male) |
| 6:25 | Create | Villager (Male) |
| 6:47 | Build | House |
| 7:01 | Create | Villager (Male) |
| 7:02 | Create | Villager (Male) |
| 7:25 | Create | Villager (Male) |
| 7:25 | Create | Villager (Male) |
| 7:29 | Build | House |
| 7:58 | Create | Villager (Male) |
| 7:59 | Create | Villager (Male) |
| 8:15 | Build | Mining Camp |
| 8:18 | Create | Villager (Male) |
| 8:18 | Create | Villager (Male) |
| 9:29 | Build | Lumber Camp |
| 9:31 | Create | Villager (Male) |
| 9:32 | Create | Villager (Male) |
| 10:01 | Create | Villager (Male) |
| 10:01 | Create | Villager (Male) |
| 10:13 | Create | Villager (Male) |
| 10:30 | Research | Feudal Age |
| 11:04 | Create | Villager (Male) |
| 11:05 | Create | Villager (Male) |
| 11:33 | Create | Villager (Male) |
| 12:00 | Create | Villager (Male) |
| 12:00 | Create | Villager (Male) |
| 12:04 | Research | Loom |
| 12:04 | Create | Villager (Male) |
| 12:05 | Create | Villager (Male) |
| 12:40 | Age | Feudal Age |
| 13:40 | Build | Mining Camp |
| 14:19 | Create | Villager (Male) |
| 14:19 | Create | Villager (Male) |
| 14:20 | Create | Villager (Male) |
| 14:31 | Build | Mill |
| 14:45 | Build | Dock |
| 15:56 | Create | Villager (Male) |
| 15:56 | Create | Villager (Male) |
| 16:16 | Build | Market |
| 16:38 | Build | Blacksmith |
| 16:42 | Research | Gold Mining |
| 16:44 | Research | Double-Bit Axe |
| 16:47 | Research | Horse Collar |
| 16:59 | Create | Villager (Male) |
| 16:59 | Create | Villager (Male) |
| 17:00 | Create | Villager (Male) |
| 17:10 | Build | Farm |
| 17:10 | Build | Farm |
| 17:10 | Build | Farm |
| 17:10 | Build | Farm |
| 17:24 | Research | Scale Mail Armor |
| 17:33 | Build | Barracks |
| 18:13 | Build | House |
| 18:16 | Build | House |
| 18:18 | Build | House |
| 18:19 | Build | House |
| 18:21 | Build | House |
| 18:23 | Create | Villager (Male) |
| 18:30 | Research | Castle Age |
| 18:50 | Research | Stone Mining |
| 19:02 | Create | Villager (Male) |
| 19:36 | Build | Farm |
| 19:36 | Build | Farm |
| 19:37 | Build | Farm |
| 19:37 | Build | Farm |
| 19:37 | Build | Farm |
| 19:38 | Build | Farm |
| 19:38 | Build | Farm |
| 20:37 | Build | Lumber Camp |
| 20:59 | Create | Villager (Male) |
| 21:07 | Research | Man-at-Arms (upgrade) |
| 21:11 | Research | Forging |
| 21:11 | Age | Castle Age |
| 21:20 | Research | Chain Mail Armor |
| 21:27 | Build | Farm |
| 21:38 | Build | Farm |
| 21:43 | Build | Farm |
| 21:50 | Create | Militia |
| 21:50 | Create | Militia |
| 21:51 | Create | Militia |
| 21:51 | Create | Militia |
| 22:27 | Build | Farm |
| 22:53 | Build | Castle |
| 23:18 | Build | Town Center |
| 23:21 | Create | Villager (Male) |
| 23:21 | Create | Villager (Male) |
| 23:21 | Create | Villager (Male) |
| 23:22 | Create | Villager (Male) |
| 23:29 | Research | Iron Casting |
| 24:17 | Create | Villager (Male) |
| 24:18 | Create | Villager (Male) |
| 24:29 | Create | Villager (Male) |
| 24:51 | Research | Long Swordsman (upgrade) |
| 24:53 | Research | Squires |
| 25:04 | Create | Villager (Male) |
| 25:04 | Create | Villager (Male) |
| 25:04 | Create | Villager (Male) |
| 25:04 | Create | Villager (Male) |
| 25:11 | Create | Centurion |
| 25:33 | Build | Town Center |
| 25:41 | Create | Villager (Male) |
| 25:41 | Create | Villager (Male) |
| 25:48 | Build | Mining Camp |
| 25:56 | Create | Villager (Male) |
| 25:56 | Create | Villager (Male) |
| 26:10 | Create | Villager (Male) |
| 26:39 | Create | Villager (Male) |
| 26:45 | Build | Farm |
| 26:50 | Build | Farm |
| 27:00 | Build | Farm |
| 27:02 | Build | Farm |
| 27:26 | Build | Dock |
| 27:48 | Build | Lumber Camp |
| 28:03 | Create | Spearman |
| 28:03 | Create | Spearman |
| 28:04 | Create | Spearman |
| 28:04 | Create | Spearman |
| 28:06 | Create | Centurion |
| 28:06 | Create | Centurion |
| 28:06 | Create | Centurion |
| 28:07 | Create | Centurion |
| 29:18 | Create | Villager (Male) |
| 29:18 | Create | Villager (Male) |
| 29:18 | Create | Villager (Male) |
| 29:18 | Create | Villager (Male) |
| 29:22 | Create | Villager (Male) |
| 29:23 | Create | Villager (Male) |
Build order — DivisionPanzer
First 150 of 299 actions detected
| 0:02 | Create | Villager (Male) |
| 0:03 | Create | Villager (Male) |
| 0:03 | Create | Villager (Male) |
| 0:03 | Create | Villager (Male) |
| 1:22 | Create | Villager (Male) |
| 2:23 | Create | Villager (Male) |
| 2:29 | Create | Villager (Male) |
| 3:03 | Create | Villager (Male) |
| 3:24 | Create | Villager (Male) |
| 3:30 | Build | Lumber Camp |
| 3:41 | Create | Villager (Male) |
| 3:51 | Create | Villager (Male) |
| 4:19 | Create | Villager (Male) |
| 4:37 | Create | Villager (Male) |
| 4:55 | Create | Villager (Male) |
| 5:35 | Create | Villager (Male) |
| 6:00 | Create | Villager (Male) |
| 6:16 | Build | Dock |
| 6:38 | Create | Villager (Male) |
| 7:17 | Create | Villager (Male) |
| 7:19 | Create | Villager (Male) |
| 7:54 | Build | Dock |
| 8:13 | Create | Villager (Male) |
| 8:51 | Research | Feudal Age |
| 8:51 | Research | Feudal Age |
| 8:53 | Research | Loom |
| 8:54 | Research | Loom |
| 9:24 | Build | Dock |
| 9:33 | Build | Mining Camp |
| 11:01 | Age | Feudal Age |
| 11:08 | Create | Fire Galley |
| 11:08 | Create | Fire Galley |
| 11:09 | Create | Fire Galley |
| 11:09 | Create | Fire Galley |
| 11:25 | Create | Villager (Male) |
| 11:25 | Create | Villager (Male) |
| 11:26 | Create | Villager (Male) |
| 11:37 | Create | Villager (Male) |
| 11:37 | Create | Villager (Male) |
| 11:50 | Research | Gold Mining |
| 11:50 | Research | Gold Mining |
| 11:53 | Research | Double-Bit Axe |
| 11:54 | Research | Double-Bit Axe |
| 11:54 | Research | Double-Bit Axe |
| 12:55 | Create | Fire Galley |
| 12:55 | Create | Fire Galley |
| 12:56 | Create | Fire Galley |
| 13:00 | Create | Villager (Male) |
| 13:01 | Create | Villager (Male) |
| 13:20 | Create | Villager (Male) |
| 13:20 | Create | Villager (Male) |
| 13:21 | Create | Villager (Male) |
| 14:14 | Create | Fire Galley |
| 14:14 | Create | Fire Galley |
| 14:14 | Create | Fire Galley |
| 14:15 | Create | Fire Galley |
| 14:15 | Create | Fire Galley |
| 15:00 | Create | Fire Galley |
| 15:00 | Create | Fire Galley |
| 15:00 | Create | Fire Galley |
| 15:12 | Create | Fire Galley |
| 15:13 | Create | Fire Galley |
| 15:34 | Create | Villager (Male) |
| 15:46 | Create | Fire Galley |
| 15:46 | Create | Fire Galley |
| 15:46 | Create | Fire Galley |
| 16:29 | Build | Blacksmith |
| 17:02 | Build | Mill |
| 17:45 | Build | Farm |
| 17:45 | Build | Farm |
| 17:45 | Build | Farm |
| 17:46 | Build | Farm |
| 17:46 | Build | Farm |
| 17:46 | Build | Farm |
| 17:47 | Build | Farm |
| 17:47 | Build | Farm |
| 17:47 | Build | Farm |
| 17:47 | Build | Farm |
| 17:47 | Build | Farm |
| 17:48 | Build | Farm |
| 17:48 | Build | Farm |
| 17:48 | Build | Farm |
| 17:49 | Build | Farm |
| 17:51 | Create | Villager (Male) |
| 17:51 | Create | Villager (Male) |
| 17:51 | Create | Villager (Male) |
| 17:52 | Create | Villager (Male) |
| 18:35 | Build | Market |
| 18:44 | Build | Farm |
| 19:30 | Build | Farm |
| 19:31 | Build | Farm |
| 19:36 | Build | Farm |
| 19:37 | Build | Farm |
| 19:41 | Build | Farm |
| 19:42 | Build | Farm |
| 20:21 | Research | Castle Age |
| 20:22 | Research | Castle Age |
| 20:22 | Research | Castle Age |
| 20:31 | Build | Barracks |
| 20:47 | Build | Lumber Camp |
| 21:33 | Build | Farm |
| 23:01 | Age | Castle Age |
| 23:04 | Build | Stable |
| 23:05 | Build | Stable |
| 24:13 | Research | Wheelbarrow |
| 24:13 | Research | Wheelbarrow |
| 24:23 | Build | Stable |
| 24:30 | Create | Villager (Male) |
| 24:30 | Create | Villager (Male) |
| 24:30 | Create | Villager (Male) |
| 24:31 | Create | Villager (Male) |
| 24:54 | Build | Town Center |
| 25:30 | Research | Gold Shaft Mining |
| 25:30 | Research | Gold Shaft Mining |
| 25:32 | Create | Villager (Male) |
| 25:41 | Research | Bloodlines |
| 25:42 | Research | Bloodlines |
| 25:43 | Research | Husbandry |
| 25:43 | Research | Husbandry |
| 25:43 | Research | Husbandry |
| 26:48 | Create | Knight |
| 26:48 | Create | Knight |
| 26:49 | Create | Knight |
| 26:49 | Create | Knight |
| 26:49 | Create | Knight |
| 26:49 | Create | Knight |
| 26:50 | Create | Knight |
| 26:50 | Create | Knight |
| 26:50 | Create | Knight |
| 26:51 | Create | Knight |
| 27:04 | Build | Farm |
| 27:07 | Build | Farm |
| 27:09 | Build | Farm |
| 27:11 | Build | Farm |
| 27:13 | Create | Villager (Male) |
| 27:14 | Create | Villager (Male) |
| 27:14 | Create | Villager (Male) |
| 27:14 | Create | Villager (Male) |
| 27:15 | Create | Villager (Male) |
| 27:15 | Create | Villager (Male) |
| 27:16 | Create | Villager (Male) |
| 27:16 | Create | Villager (Male) |
| 27:17 | Create | Villager (Male) |
| 27:17 | Create | Villager (Male) |
| 27:18 | Create | Villager (Male) |
| 27:18 | Create | Villager (Male) |
| 27:18 | Create | Villager (Male) |
| 27:19 | Create | Villager (Male) |
| 27:31 | Create | Villager (Male) |
| 27:31 | Create | Villager (Male) |
Build order — dembe
First 150 of 158 actions detected
| 0:02 | Create | Villager (Male) |
| 0:02 | Create | Villager (Male) |
| 0:02 | Create | Villager (Male) |
| 0:02 | Create | Villager (Male) |
| 0:31 | Build | House |
| 0:39 | Build | House |
| 1:04 | Create | Villager (Male) |
| 1:48 | Build | Dock |
| 2:03 | Create | Villager (Male) |
| 2:31 | Create | Villager (Male) |
| 3:12 | Create | Villager (Male) |
| 3:55 | Create | Villager (Male) |
| 4:19 | Create | Villager (Male) |
| 5:01 | Create | Villager (Male) |
| 5:03 | Create | Villager (Male) |
| 5:07 | Build | Lumber Camp |
| 5:59 | Build | House |
| 6:08 | Build | House |
| 6:14 | Create | Villager (Male) |
| 6:26 | Create | Villager (Male) |
| 6:45 | Create | Villager (Male) |
| 7:33 | Create | Villager (Male) |
| 7:57 | Research | Feudal Age |
| 8:11 | Build | House |
| 8:17 | Build | House |
| 8:52 | Research | Loom |
| 9:09 | Create | Villager (Male) |
| 9:09 | Create | Villager (Male) |
| 9:54 | Build | Mining Camp |
| 10:25 | Age | Feudal Age |
| 10:33 | Build | Barracks |
| 10:38 | Build | Palisade Wall |
| 10:43 | Create | Villager (Male) |
| 11:39 | Build | Stable |
| 12:26 | Create | Villager (Male) |
| 12:28 | Create | Villager (Male) |
| 12:28 | Create | Villager (Male) |
| 12:54 | Build | Mill |
| 12:58 | Create | Scout Cavalry |
| 12:58 | Create | Scout Cavalry |
| 13:02 | Create | Scout Cavalry |
| 13:22 | Create | Villager (Male) |
| 13:24 | Create | Villager (Male) |
| 13:53 | Build | Market |
| 14:02 | Create | Villager (Male) |
| 14:07 | Build | Farm |
| 14:07 | Build | Farm |
| 14:08 | Build | Farm |
| 14:39 | Create | Villager (Male) |
| 14:43 | Build | Farm |
| 14:43 | Build | Farm |
| 14:43 | Build | Farm |
| 14:44 | Build | Farm |
| 14:44 | Build | Farm |
| 14:44 | Build | Farm |
| 14:44 | Build | Farm |
| 14:44 | Build | Farm |
| 15:20 | Create | Villager (Male) |
| 15:20 | Create | Villager (Male) |
| 15:34 | Create | Villager (Male) |
| 15:52 | Create | Scout Cavalry |
| 15:52 | Create | Scout Cavalry |
| 16:24 | Create | Villager (Male) |
| 16:29 | Build | House |
| 16:32 | Build | House |
| 17:05 | Build | House |
| 17:30 | Create | Scout Cavalry |
| 17:31 | Create | Scout Cavalry |
| 17:31 | Create | Scout Cavalry |
| 17:31 | Create | Scout Cavalry |
| 17:33 | Create | Villager (Male) |
| 17:34 | Create | Villager (Male) |
| 17:52 | Build | House |
| 18:23 | Create | Spearman |
| 18:24 | Create | Spearman |
| 18:24 | Create | Spearman |
| 19:11 | Build | Palisade Gate |
| 19:15 | Build | Palisade Wall |
| 19:44 | Build | Palisade Wall |
| 19:52 | Build | House |
| 20:03 | Create | Villager (Male) |
| 20:49 | Create | Scout Cavalry |
| 20:49 | Create | Scout Cavalry |
| 21:53 | Create | Villager (Male) |
| 21:53 | Create | Villager (Male) |
| 21:59 | Build | House |
| 22:05 | Create | Villager (Male) |
| 22:05 | Create | Villager (Male) |
| 22:13 | Build | Market |
| 23:14 | Create | Villager (Male) |
| 23:14 | Create | Villager (Male) |
| 23:53 | Build | Farm |
| 23:58 | Research | Castle Age |
| 24:45 | Create | Villager (Male) |
| 24:45 | Create | Villager (Male) |
| 25:07 | Research | Double-Bit Axe |
| 26:07 | Build | Lumber Camp |
| 26:16 | Build | Farm |
| 26:18 | Build | Farm |
| 26:23 | Age | Castle Age |
| 26:25 | Create | Villager (Male) |
| 26:28 | Build | Farm |
| 26:37 | Research | Bloodlines |
| 26:38 | Create | Knight |
| 27:04 | Create | Spearman |
| 27:04 | Create | Spearman |
| 27:27 | Build | Town Center |
| 28:05 | Create | Knight ×2 |
| 28:05 | Create | Knight ×2 |
| 28:33 | Build | Palisade Wall |
| 28:43 | Create | Villager (Male) |
| 28:44 | Create | Villager (Male) |
| 29:02 | Create | Villager (Male) |
| 29:26 | Create | Spearman |
| 29:56 | Create | Villager (Male) |
| 29:56 | Create | Villager (Male) |
| 30:01 | Create | Spearman |
| 30:01 | Create | Spearman |
| 30:12 | Create | Villager (Male) |
| 31:33 | Create | Knight ×3 |
| 31:34 | Create | Knight ×3 |
| 32:27 | Build | Farm |
| 33:02 | Create | Villager (Male) |
| 33:02 | Create | Villager (Male) |
| 33:05 | Create | Villager (Male) |
| 33:05 | Create | Villager (Male) |
| 34:19 | Research | Husbandry |
| 34:19 | Create | Knight ×4 |
| 34:19 | Create | Knight |
| 34:19 | Create | Knight |
| 34:31 | Create | Villager (Male) |
| 34:31 | Create | Villager (Male) |
| 34:39 | Build | Farm |
| 34:39 | Build | Farm |
| 34:39 | Build | Farm |
| 34:39 | Build | Farm |
| 35:08 | Create | Villager (Male) |
| 35:08 | Create | Villager (Male) |
| 35:13 | Build | Farm |
| 36:13 | Create | Knight ×2 |
| 36:14 | Create | Knight ×2 |
| 36:14 | Create | Knight ×2 |
| 37:07 | Create | Knight ×3 |
| 37:14 | Create | Villager (Male) |
| 37:14 | Create | Villager (Male) |
| 38:11 | Build | Stable |
| 38:12 | Build | Stable |
| 38:12 | Build | Stable |
| 38:14 | Build | Stable |
| 38:14 | Build | Stable |
Build order — CopiousBubble54
21 actions detected in the replay
| 0:25 | Create | Villager (Male) |
| 0:26 | Create | Villager (Male) |
| 0:26 | Create | Villager (Male) |
| 0:26 | Create | Villager (Male) |
| 0:27 | Create | Villager (Male) |
| 0:30 | Build | House |
| 0:37 | Build | House |
| 3:01 | Create | Villager (Male) |
| 3:02 | Create | Villager (Male) |
| 3:02 | Create | Villager (Male) |
| 3:20 | Create | Villager (Male) |
| 4:09 | Create | Villager (Male) |
| 4:10 | Create | Villager (Male) |
| 4:51 | Build | Settlement |
| 5:28 | Create | Villager (Male) |
| 5:29 | Create | Villager (Male) |
| 5:30 | Create | Villager (Male) |
| 5:30 | Create | Villager (Male) |
| 6:15 | Create | Villager (Male) |
| 6:16 | Create | Villager (Male) |
| 6:16 | Create | Villager (Male) |
Build order — Erickinio
First 150 of 212 actions detected
| 0:03 | Create | Villager (Male) |
| 0:03 | Create | Villager (Male) |
| 0:03 | Create | Villager (Male) |
| 0:05 | Build | House |
| 0:08 | Build | House |
| 1:01 | Create | Villager (Male) |
| 1:02 | Create | Villager (Male) |
| 1:35 | Create | Villager (Male) |
| 2:19 | Create | Villager (Male) |
| 2:32 | Create | Villager (Male) |
| 3:02 | Create | Villager (Male) |
| 3:22 | Build | Lumber Camp |
| 3:28 | Create | Villager (Male) |
| 3:52 | Create | Villager (Male) |
| 4:51 | Create | Villager (Male) |
| 4:51 | Create | Villager (Male) |
| 5:03 | Create | Villager (Male) |
| 5:03 | Create | Villager (Male) |
| 5:06 | Build | House |
| 5:36 | Build | House |
| 6:53 | Create | Villager (Male) |
| 6:53 | Create | Villager (Male) |
| 7:30 | Create | Villager (Male) |
| 7:31 | Create | Villager (Male) |
| 8:30 | Create | Villager (Male) |
| 9:12 | Create | Villager (Male) |
| 9:44 | Build | Mill |
| 10:28 | Research | Feudal Age |
| 11:18 | Build | House |
| 11:19 | Build | House |
| 11:59 | Research | Loom |
| 12:38 | Age | Feudal Age |
| 12:50 | Build | Barracks |
| 13:06 | Build | Mining Camp |
| 13:08 | Create | Villager (Male) |
| 13:09 | Create | Villager (Male) |
| 13:09 | Create | Villager (Male) |
| 13:11 | Research | Double-Bit Axe |
| 13:15 | Research | Horse Collar |
| 13:24 | Build | House |
| 13:25 | Build | House |
| 13:27 | Build | House |
| 13:42 | Build | Palisade Gate |
| 13:47 | Build | Palisade Gate |
| 13:53 | Build | House |
| 14:08 | Create | Spearman |
| 14:09 | Create | Spearman |
| 14:25 | Create | Spearman |
| 15:10 | Build | Farm |
| 15:11 | Build | Farm |
| 15:12 | Build | Farm |
| 15:12 | Build | Farm |
| 15:13 | Build | Farm |
| 15:15 | Build | Farm |
| 15:16 | Build | Farm |
| 15:17 | Build | Farm |
| 15:53 | Create | Villager (Male) |
| 15:54 | Create | Villager (Male) |
| 15:54 | Create | Villager (Male) |
| 15:54 | Create | Villager (Male) |
| 16:33 | Build | Stable |
| 16:55 | Create | Spearman |
| 16:56 | Create | Spearman |
| 17:19 | Create | Spearman |
| 17:32 | Create | Spearman |
| 17:32 | Create | Spearman |
| 17:52 | Create | Spearman |
| 18:14 | Create | Spearman |
| 18:20 | Create | Spearman |
| 18:21 | Create | Spearman |
| 18:42 | Create | Spearman |
| 18:42 | Create | Spearman |
| 18:56 | Create | Villager (Male) |
| 19:17 | Create | Villager (Male) |
| 19:29 | Build | Archery Range |
| 19:41 | Create | Villager (Male) |
| 19:48 | Create | Spearman |
| 19:59 | Create | Villager (Male) |
| 19:59 | Create | Villager (Male) |
| 20:14 | Build | House |
| 20:18 | Build | House |
| 20:22 | Build | Palisade Wall |
| 20:38 | Create | Villager (Male) |
| 20:38 | Create | Villager (Male) |
| 20:46 | Build | House |
| 20:54 | Build | Palisade Gate |
| 21:03 | Create | Villager (Male) |
| 21:27 | Build | Palisade Gate |
| 22:16 | Create | Villager (Male) |
| 22:16 | Create | Villager (Male) |
| 22:54 | Create | Skirmisher |
| 22:55 | Create | Skirmisher |
| 23:02 | Create | Villager (Male) |
| 23:03 | Create | Villager (Male) |
| 23:13 | Build | Lumber Camp |
| 23:32 | Create | Villager (Male) |
| 23:49 | Build | Lumber Camp |
| 23:53 | Create | Militia |
| 23:54 | Create | Militia |
| 23:56 | Research | Man-at-Arms (upgrade) |
| 24:14 | Create | Spearman |
| 24:46 | Build | Lumber Camp |
| 25:19 | Create | Villager (Male) |
| 25:20 | Create | Villager (Male) |
| 26:02 | Build | Palisade Wall |
| 26:17 | Create | Villager (Male) |
| 26:25 | Build | Market |
| 26:29 | Build | Blacksmith |
| 27:00 | Build | Palisade Wall |
| 27:15 | Build | Mining Camp |
| 27:23 | Build | Palisade Wall |
| 28:03 | Research | Castle Age |
| 28:25 | Create | Spearman |
| 28:25 | Create | Spearman |
| 28:35 | Build | Stone Wall |
| 28:48 | Build | Gate |
| 28:53 | Create | Spearman |
| 29:01 | Build | House |
| 29:02 | Build | House |
| 29:05 | Research | Forging |
| 30:04 | Create | Spearman |
| 30:04 | Create | Spearman |
| 30:06 | Research | Scale Mail Armor |
| 30:14 | Build | Farm |
| 30:24 | Build | Farm |
| 30:24 | Build | Farm |
| 30:25 | Build | Farm |
| 30:26 | Build | Farm |
| 30:43 | Age | Castle Age |
| 30:45 | Create | Spearman |
| 31:07 | Build | Town Center |
| 31:36 | Research | Bow Saw |
| 31:42 | Build | Town Center |
| 31:44 | Build | House |
| 31:46 | Build | House |
| 31:51 | Build | Farm |
| 31:52 | Build | Farm |
| 32:14 | Build | Farm |
| 32:14 | Build | Farm |
| 32:15 | Build | Farm |
| 32:15 | Build | Farm |
| 32:15 | Build | Farm |
| 32:16 | Build | Farm |
| 32:17 | Build | Farm |
| 32:17 | Build | Farm |
| 32:17 | Build | Farm |
| 32:45 | Research | Heavy Plow |
| 32:58 | Create | Villager (Male) |
| 32:59 | Create | Villager (Male) |
| 33:13 | Build | Farm |
Build order — ✪ Lato
121 actions detected in the replay
| 0:02 | Create | Villager (Male) |
| 0:02 | Create | Villager (Male) |
| 0:02 | Create | Villager (Male) |
| 0:03 | Build | House |
| 0:05 | Build | House |
| 0:08 | Create | Villager (Male) |
| 0:09 | Create | Villager (Male) |
| 1:31 | Create | Villager (Male) |
| 1:31 | Create | Villager (Male) |
| 1:55 | Build | Lumber Camp |
| 2:07 | Create | Villager (Male) |
| 2:07 | Create | Villager (Male) |
| 2:30 | Create | Villager (Male) |
| 2:46 | Create | Villager (Male) |
| 3:15 | Create | Villager (Male) |
| 3:56 | Create | Villager (Male) |
| 4:19 | Create | Villager (Male) |
| 4:21 | Build | House |
| 5:05 | Create | Villager (Male) |
| 5:07 | Create | Villager (Male) |
| 5:16 | Build | Mill |
| 5:31 | Build | Dock |
| 5:40 | Create | Villager (Male) |
| 5:55 | Build | House |
| 6:06 | Create | Villager (Male) |
| 6:06 | Create | Villager (Male) |
| 6:13 | Create | Villager (Male) |
| 7:05 | Create | Villager (Male) |
| 7:28 | Create | Villager (Male) |
| 7:36 | Create | Fishing Ship |
| 7:36 | Create | Fishing Ship |
| 7:58 | Create | Villager (Male) |
| 8:10 | Build | Mining Camp |
| 8:17 | Create | Villager (Male) |
| 8:30 | Create | Fishing Ship |
| 8:39 | Build | House |
| 8:58 | Create | Villager (Male) |
| 9:27 | Create | Fishing Ship |
| 9:55 | Create | Villager (Male) |
| 10:05 | Research | Feudal Age |
| 10:50 | Build | Barracks |
| 11:32 | Build | House |
| 12:06 | Create | Villager (Male) |
| 12:08 | Create | Villager (Male) |
| 12:30 | Age | Feudal Age |
| 12:38 | Build | Stable |
| 12:57 | Build | Blacksmith |
| 13:09 | Build | Lumber Camp |
| 13:30 | Create | Villager (Male) |
| 13:30 | Create | Villager (Male) |
| 13:56 | Research | Bloodlines |
| 13:57 | Create | Scout Cavalry |
| 13:57 | Create | Scout Cavalry |
| 14:09 | Build | Stable |
| 14:16 | Create | Scout Cavalry |
| 14:31 | Create | Villager (Male) |
| 14:50 | Build | House |
| 15:01 | Build | House |
| 15:04 | Build | House |
| 15:06 | Create | Scout Cavalry |
| 15:07 | Create | Scout Cavalry |
| 15:23 | Create | Villager (Male) |
| 15:25 | Create | Villager (Male) |
| 15:28 | Research | Double-Bit Axe |
| 15:31 | Build | Farm |
| 15:33 | Build | Farm |
| 15:40 | Create | Scout Cavalry |
| 15:40 | Create | Scout Cavalry |
| 15:53 | Build | Stable |
| 16:10 | Research | Scale Barding Armor |
| 16:17 | Create | Scout Cavalry |
| 16:17 | Create | Scout Cavalry |
| 17:02 | Create | Villager (Male) |
| 17:03 | Create | Villager (Male) |
| 18:35 | Create | Villager (Male) |
| 18:35 | Create | Villager (Male) |
| 18:37 | Build | Farm |
| 18:41 | Build | Farm |
| 18:42 | Build | Farm |
| 19:04 | Create | Scout Cavalry |
| 19:04 | Create | Scout Cavalry |
| 19:05 | Create | Scout Cavalry |
| 19:05 | Create | Scout Cavalry |
| 19:16 | Create | Villager (Male) |
| 20:56 | Create | Villager (Male) |
| 20:56 | Create | Villager (Male) |
| 20:56 | Create | Villager (Male) |
| 20:56 | Create | Villager (Male) |
| 21:21 | Build | Watch Tower |
| 23:07 | Create | Villager (Male) |
| 23:07 | Create | Villager (Male) |
| 23:12 | Build | Farm |
| 23:13 | Build | Farm |
| 23:13 | Build | Farm |
| 23:13 | Build | Farm |
| 23:13 | Build | Farm |
| 24:10 | Create | Villager (Male) |
| 24:35 | Create | Villager (Male) |
| 24:45 | Build | House |
| 24:50 | Build | Palisade Wall |
| 24:55 | Create | Villager (Male) |
| 24:55 | Create | Villager (Male) |
| 25:34 | Create | Villager (Male) |
| 25:35 | Create | Villager (Male) |
| 26:58 | Create | Villager (Male) |
| 26:59 | Create | Villager (Male) |
| 27:24 | Create | Villager (Male) |
| 27:34 | Create | Villager (Male) |
| 28:01 | Build | Farm |
| 28:23 | Build | Farm |
| 28:26 | Create | Villager (Male) |
| 28:26 | Create | Villager (Male) |
| 28:42 | Build | Dock |
| 28:53 | Create | Villager (Male) |
| 29:27 | Create | Villager (Male) |
| 30:00 | Create | Scout Cavalry |
| 30:00 | Create | Scout Cavalry |
| 30:00 | Create | Scout Cavalry |
| 30:05 | Create | Villager (Male) |
| 30:31 | Create | Villager (Male) |
| 30:37 | Build | Farm |
Build order — corazon de seda
First 150 of 259 actions detected
| 0:10 | Build | House |
| 0:12 | Build | House |
| 0:14 | Build | House |
| 0:16 | Create | Villager (Male) |
| 0:16 | Create | Villager (Male) |
| 0:16 | Create | Villager (Male) |
| 0:16 | Create | Villager (Male) |
| 0:17 | Create | Villager (Male) |
| 1:41 | Create | Villager (Male) |
| 1:41 | Create | Villager (Male) |
| 2:25 | Create | Villager (Male) |
| 2:25 | Create | Villager (Male) |
| 2:42 | Create | Villager (Male) |
| 2:54 | Create | Villager (Male) |
| 3:03 | Build | Lumber Camp |
| 3:47 | Create | Villager (Male) |
| 3:48 | Create | Villager (Male) |
| 3:48 | Create | Villager (Male) |
| 4:36 | Create | Villager (Male) |
| 4:47 | Create | Villager (Male) |
| 5:15 | Create | Villager (Male) |
| 5:15 | Create | Villager (Male) |
| 5:37 | Create | Villager (Male) |
| 5:47 | Build | House |
| 5:48 | Build | House |
| 6:08 | Create | Villager (Male) |
| 6:09 | Create | Villager (Male) |
| 6:43 | Create | Villager (Male) |
| 6:46 | Create | Villager (Male) |
| 7:38 | Create | Villager (Male) |
| 7:38 | Create | Villager (Male) |
| 7:38 | Create | Villager (Male) |
| 8:45 | Create | Villager (Male) |
| 8:51 | Build | Mining Camp |
| 9:13 | Create | Villager (Male) |
| 9:13 | Create | Villager (Male) |
| 9:59 | Build | House |
| 10:01 | Build | House |
| 10:35 | Create | Villager (Male) |
| 10:36 | Create | Villager (Male) |
| 10:47 | Create | Villager (Male) |
| 11:21 | Build | Mill |
| 11:47 | Create | Villager (Male) |
| 12:00 | Build | Farm |
| 12:02 | Build | Farm |
| 12:05 | Build | Farm |
| 12:18 | Build | Farm |
| 12:22 | Create | Villager (Male) |
| 12:30 | Build | Farm |
| 12:33 | Build | Farm |
| 12:37 | Build | Farm |
| 12:49 | Create | Villager (Male) |
| 12:54 | Build | Farm |
| 13:03 | Build | Farm |
| 13:08 | Build | Farm |
| 13:14 | Build | Farm |
| 13:17 | Build | Farm |
| 13:23 | Build | Farm |
| 13:26 | Build | Farm |
| 13:28 | Research | Feudal Age |
| 13:34 | Build | Farm |
| 13:37 | Build | Farm |
| 14:45 | Build | Mining Camp |
| 15:16 | Create | Villager (Male) |
| 15:16 | Create | Villager (Male) |
| 15:38 | Age | Feudal Age |
| 15:43 | Build | Market |
| 15:52 | Build | Blacksmith |
| 16:26 | Create | Villager (Male) |
| 16:54 | Research | Castle Age |
| 17:04 | Build | Barracks |
| 17:12 | Build | House |
| 17:13 | Build | House |
| 17:19 | Research | Horse Collar |
| 17:21 | Research | Double-Bit Axe |
| 18:11 | Build | House |
| 18:17 | Build | House |
| 18:18 | Build | House |
| 18:19 | Build | House |
| 18:28 | Build | Barracks |
| 18:30 | Research | Man-at-Arms (upgrade) |
| 18:42 | Create | Villager (Male) |
| 18:43 | Create | Villager (Male) |
| 18:43 | Create | Villager (Male) |
| 18:52 | Research | Stone Mining |
| 18:53 | Research | Gold Mining |
| 19:19 | Build | Barracks |
| 19:34 | Age | Castle Age |
| 19:40 | Build | Town Center |
| 20:28 | Build | Town Center |
| 20:38 | Research | Long Swordsman (upgrade) |
| 21:06 | Create | Villager (Male) |
| 21:07 | Create | Villager (Male) |
| 21:07 | Create | Villager (Male) |
| 21:17 | Create | Villager (Male) |
| 21:27 | Create | Villager (Male) |
| 21:27 | Create | Villager (Male) |
| 21:35 | Build | Farm |
| 21:41 | Create | Villager (Male) |
| 21:42 | Create | Villager (Male) |
| 21:43 | Create | Villager (Male) |
| 21:44 | Create | Villager (Male) |
| 21:45 | Create | Villager (Male) |
| 21:45 | Create | Villager (Male) |
| 21:46 | Create | Villager (Male) |
| 21:47 | Create | Villager (Male) |
| 21:48 | Create | Villager (Male) |
| 22:01 | Build | House |
| 22:09 | Build | House |
| 22:12 | Build | House |
| 22:37 | Build | Farm |
| 22:47 | Build | Farm |
| 22:47 | Build | Farm |
| 22:49 | Build | Farm |
| 23:03 | Create | Villager (Male) |
| 23:03 | Create | Villager (Male) |
| 23:03 | Create | Villager (Male) |
| 23:03 | Create | Villager (Male) |
| 23:11 | Build | Farm |
| 23:17 | Build | Farm |
| 23:29 | Build | House |
| 23:30 | Build | House |
| 23:38 | Build | Farm |
| 23:43 | Create | Villager (Male) |
| 23:44 | Create | Villager (Male) |
| 23:44 | Create | Villager (Male) |
| 23:44 | Create | Villager (Male) |
| 23:52 | Create | Villager (Male) |
| 23:52 | Create | Villager (Male) |
| 24:13 | Build | Castle |
| 24:18 | Build | Farm |
| 24:21 | Create | Villager (Male) |
| 24:22 | Create | Villager (Male) |
| 24:25 | Create | Villager (Male) |
| 24:25 | Create | Villager (Male) |
| 24:36 | Build | Mining Camp |
| 24:43 | Build | House |
| 24:44 | Build | House |
| 24:45 | Build | House |
| 24:50 | Build | Farm |
| 25:03 | Build | Farm |
| 25:15 | Research | Wheelbarrow |
| 25:19 | Research | Bow Saw |
| 25:44 | Create | Centurion |
| 25:44 | Create | Centurion |
| 25:47 | Create | Centurion |
| 25:57 | Build | Farm |
| 25:58 | Build | Farm |
| 26:09 | Build | Farm |
| 26:14 | Research | Heavy Plow |
Build order — Franco Colapinto
First 150 of 154 actions detected
| 0:01 | Create | Villager (Male) |
| 0:01 | Create | Villager (Male) |
| 0:02 | Create | Villager (Male) |
| 0:02 | Create | Villager (Male) |
| 0:03 | Build | House |
| 0:05 | Build | House |
| 1:30 | Create | Villager (Male) |
| 1:32 | Research | Loom |
| 2:04 | Create | Villager (Male) |
| 2:04 | Create | Villager (Male) |
| 2:18 | Create | Villager (Male) |
| 2:19 | Create | Villager (Male) |
| 3:00 | Build | House |
| 3:04 | Create | Villager (Male) |
| 3:33 | Build | Lumber Camp |
| 3:39 | Create | Villager (Male) |
| 3:39 | Create | Villager (Male) |
| 3:39 | Create | Villager (Male) |
| 3:40 | Create | Villager (Male) |
| 4:11 | Create | Villager (Male) |
| 4:11 | Create | Villager (Male) |
| 5:04 | Create | Villager (Male) |
| 5:04 | Create | Villager (Male) |
| 5:07 | Build | House |
| 5:18 | Create | Villager (Male) |
| 5:53 | Create | Villager (Male) |
| 6:07 | Build | Mill |
| 6:29 | Create | Villager (Male) |
| 6:29 | Create | Villager (Male) |
| 7:40 | Build | Lumber Camp |
| 7:42 | Create | Villager (Male) |
| 8:06 | Create | Villager (Male) |
| 8:28 | Build | Mining Camp |
| 8:32 | Research | Feudal Age |
| 9:44 | Build | Barracks |
| 9:51 | Build | House |
| 9:56 | Build | House |
| 10:02 | Build | Palisade Wall |
| 10:06 | Create | Villager (Male) |
| 10:57 | Age | Feudal Age |
| 11:04 | Create | Villager (Male) |
| 11:14 | Build | Stable |
| 11:40 | Create | Villager (Male) |
| 11:40 | Create | Villager (Male) |
| 11:50 | Build | House |
| 11:56 | Create | Scout Cavalry |
| 11:56 | Create | Scout Cavalry |
| 11:58 | Create | Scout Cavalry |
| 12:17 | Build | Mill |
| 12:22 | Create | Villager (Male) |
| 12:34 | Create | Scout Cavalry |
| 12:46 | Build | Lumber Camp |
| 12:48 | Create | Villager (Male) |
| 12:57 | Create | Scout Cavalry |
| 13:24 | Create | Villager (Male) |
| 13:26 | Research | Town Watch |
| 13:27 | Create | Villager (Male) |
| 13:32 | Create | Scout Cavalry |
| 14:55 | Research | Bloodlines |
| 14:55 | Create | Scout Cavalry |
| 15:03 | Build | Blacksmith |
| 15:52 | Research | Scale Barding Armor |
| 16:02 | Build | Stable |
| 16:04 | Create | Villager (Male) |
| 16:04 | Create | Villager (Male) |
| 16:19 | Create | Scout Cavalry |
| 16:19 | Create | Scout Cavalry |
| 16:52 | Build | House |
| 16:53 | Build | House |
| 16:53 | Build | House |
| 16:55 | Research | Forging |
| 17:27 | Create | Villager (Male) |
| 17:27 | Create | Villager (Male) |
| 18:06 | Build | Farm |
| 18:09 | Build | Farm |
| 18:09 | Build | Farm |
| 18:10 | Build | Farm |
| 19:07 | Build | House |
| 19:07 | Build | House |
| 19:36 | Build | Market |
| 20:16 | Research | Double-Bit Axe |
| 20:28 | Build | Lumber Camp |
| 20:43 | Research | Castle Age |
| 21:46 | Research | Gold Mining |
| 21:55 | Research | Horse Collar |
| 22:07 | Build | Mill |
| 22:23 | Create | Spearman |
| 22:23 | Create | Spearman |
| 22:28 | Create | Scout Cavalry |
| 22:29 | Create | Scout Cavalry |
| 22:33 | Build | Farm |
| 23:23 | Age | Castle Age |
| 23:29 | Build | Town Center |
| 23:45 | Create | Knight |
| 23:45 | Create | Knight |
| 23:45 | Create | Knight |
| 24:03 | Build | Town Center |
| 24:09 | Create | Villager (Male) |
| 24:10 | Create | Villager (Male) |
| 24:28 | Create | Knight |
| 24:28 | Create | Knight |
| 24:32 | Create | Villager (Male) |
| 24:34 | Create | Villager (Male) |
| 24:35 | Create | Villager (Male) |
| 24:37 | Build | Farm |
| 24:38 | Build | Farm |
| 25:15 | Create | Villager (Male) |
| 25:15 | Create | Villager (Male) |
| 25:38 | Build | Farm |
| 25:39 | Build | Farm |
| 25:43 | Create | Villager (Male) |
| 25:43 | Create | Villager (Male) |
| 25:47 | Build | Farm |
| 25:53 | Build | Farm |
| 25:54 | Build | Farm |
| 25:57 | Build | Farm |
| 26:14 | Create | Knight |
| 26:15 | Create | Knight |
| 26:36 | Create | Villager (Male) |
| 26:37 | Create | Villager (Male) |
| 26:37 | Create | Villager (Male) |
| 26:42 | Create | Knight |
| 26:42 | Create | Knight |
| 27:14 | Create | Knight |
| 27:15 | Create | Knight |
| 27:16 | Create | Villager (Male) |
| 27:16 | Create | Villager (Male) |
| 27:19 | Build | Farm |
| 27:19 | Build | Farm |
| 27:19 | Build | Farm |
| 27:19 | Build | Farm |
| 27:46 | Build | Farm |
| 28:17 | Create | Villager (Male) |
| 28:17 | Create | Villager (Male) |
| 28:18 | Create | Villager (Male) |
| 28:18 | Create | Villager (Male) |
| 28:18 | Create | Villager (Male) |
| 28:20 | Build | Farm |
| 28:33 | Create | Knight |
| 28:34 | Research | Scale Mail Armor |
| 28:51 | Research | Wheelbarrow |
| 29:35 | Research | Chain Barding Armor |
| 29:39 | Create | Villager (Male) |
| 29:39 | Create | Villager (Male) |
| 29:44 | Build | Mining Camp |
| 30:36 | Create | Knight |
| 30:36 | Create | Knight |
| 30:36 | Create | Knight |
| 30:37 | Create | Knight |
| 31:13 | Create | Villager (Male) |
Match timeline
| 1:48 | dembe · first_building Dock |
| 5:31 | ✪ Lato · first_building Dock |
| 6:16 | DivisionPanzer · first_building Dock |
| 7:27 | CopiousBubble54 · resign |
| 9:44 | Franco Colapinto · first_building Barracks |
| 10:02 | Franco Colapinto · wall_segment Palisade Wall x1 |
| 10:25 | dembe · age_up feudal |
| 10:33 | dembe · first_building Barracks |
| 10:38 | dembe · wall_segment Palisade Wall x1 |
| 10:50 | ✪ Lato · first_building Barracks |
| 10:57 | Franco Colapinto · age_up feudal |
| 11:01 | DivisionPanzer · age_up feudal |
| 11:14 | Franco Colapinto · first_building Stable |
| 11:39 | dembe · first_building Stable |
| 12:30 | ✪ Lato · age_up feudal |
| 12:38 | Erickinio · age_up feudal |
| 12:38 | ✪ Lato · first_building Stable |
| 12:40 | Alaric Kerensky · age_up feudal |
| 12:50 | Erickinio · first_building Barracks |
| 14:45 | Alaric Kerensky · first_building Dock |
| 15:38 | corazon de seda · age_up feudal |
| 16:33 | Erickinio · first_building Stable |
| 17:04 | corazon de seda · first_building Barracks |
| 17:33 | Alaric Kerensky · first_building Barracks |
| 18:27 | Alaric Kerensky · first_market_buy 100 food |
| 19:15 | dembe · wall_segment Palisade Wall x1 |
| 19:29 | Erickinio · first_building Archery Range |
| 19:34 | corazon de seda · age_up castle |
| 19:44 | dembe · wall_segment Palisade Wall x2 |
| 20:22 | Erickinio · wall_segment Palisade Wall x1 |
| 20:31 | DivisionPanzer · first_building Barracks |
| 20:39 | Franco Colapinto · first_market_sell 100 wood |
| 20:40 | Franco Colapinto · first_market_buy 100 food |
| 21:11 | Alaric Kerensky · age_up castle |
| 21:34 | corazon de seda · first_market_buy 100 wood |
| 22:53 | Alaric Kerensky · first_building Castle |
| 23:01 | DivisionPanzer · age_up castle |
| 23:04 | DivisionPanzer · first_building Stable |
| 23:23 | Franco Colapinto · age_up castle |
| 23:37 | dembe · first_market_buy 100 food |
| 24:13 | corazon de seda · first_building Castle |
| 24:50 | ✪ Lato · wall_segment Palisade Wall x1 |
| 26:02 | Erickinio · wall_segment Palisade Wall x6 |
| 26:23 | dembe · age_up castle |
| 27:00 | Erickinio · wall_segment Palisade Wall x3 |
| 27:23 | Erickinio · wall_segment Palisade Wall x13 |
| 28:00 | Erickinio · first_market_buy 100 food |
| 28:33 | dembe · wall_segment Palisade Wall x4 |
| 28:35 | Erickinio · wall_segment Stone Wall x7 |
| 30:43 | Erickinio · age_up castle |
| 34:23 | corazon de seda · age_up imperial |
| 34:34 | Erickinio · first_building Siege Workshop |
| 38:17 | DivisionPanzer · first_market_sell 100 wood |
| 38:46 | Alaric Kerensky · first_market_sell 500 stone |
| 39:24 | Erickinio · first_building Castle |
| 39:49 | Erickinio · first_building Monastery |
[ AI ANALYSIS · 1 CREDIT ]
What really happened in this match?
Wolo.gg analyzes every decision: build order, eco, micro, common mistakes by bracket. Personalized analysis on WhatsApp or Discord in 30 seconds.
Civ guide
Romans
Map guide
MegaRandom
Perfil
Alaric Kerensky